 Dungeon Crawl Stone Soup version 0.31-a0-230-g09eb5fc4d3 (webtiles) character file.

Game seed: 14290776231491763428

58 qw the Shooter (level 4, 0/26 HPs)
             Began as a Gargoyle Hexslinger on July 6, 2023.
             Slain by an orc wizard
             ... wielding a +0 dagger
              (2 damage)
             ... on level 5 of the Dungeon.
             The game lasted 00:00:39 (1771 turns).

qw the Shooter (Gargoyle Hexslinger)                Turns: 1771, Time: 00:00:39

Health: 0/26       AC:  8    Str: 11    XL:     4   Next: 1%
Magic:  5/5        EV: 10    Int: 14    God:
Gold:   63         SH:  0    Dex: 14    Spells: 4/5 levels left

rFire   . . .        Y - +0 shortbow
rCold   . . .        (shield currently unavailable)
rNeg    + . .        h - +0 ring mail
rPois   inf          (no helmet)
rElec   +            (no cloak)
rCorr   .            (no gloves)
SInv    .            (no boots)
Will    .....        (no amulet)
Stlth   +            (no ring)
HPRegen 0.24/turn    (no ring)
MPRegen 0.09/turn

%: no passive effects
@: no status effects
A: sickness immunity, AC +3, negative energy resistance 1, electricity
resistance, torment resistance 1, petrification resistance
a: no special abilities


You were on level 5 of the Dungeon.
You visited 1 branch of the dungeon, and saw 4 of its levels.

You collected 87 gold pieces.
You spent 24 gold pieces at shops.


Innate Abilities, Weirdness & Mutations

You are immune to sickness and miasma.
Your stone body is resilient. (AC +3)
You are immune to poison.
You resist negative energy. (rN+)
You are resistant to electric shocks. (rElec)
You are resistant to unholy torment.
You are immune to petrification.


   Skills:
 - Level 2.0 Fighting
 + Level 3.8 Ranged Weapons
 - Level 1.5 Dodging
 - Level 1.0 Spellcasting
 - Level 2.6 Hexes


You had 4 spell levels left.
You knew the following spells:

 Your Spells              Type           Power      Damage    Failure   Level
a - Slow                  Hex            32%        N/A       22%         1

Your spell library contained the following spells:

 Spells                   Type           Power      Damage    Failure   Level
 Inner Flame              Hex/Fire       4%         N/A       73%         3
 Portal Projectile        Hex/Tloc       8%         N/A       73%         3
 Cause Fear               Hex            4%         N/A       91%         4

Inventory:

Hand Weapons
 Y - a +0 shortbow (weapon)
Armour
 h - a +0 ring mail (worn)
Scrolls
 a - 2 scrolls of teleportation
 c - a scroll of fog {unknown}
 j - a scroll of identify
Potions
 b - a potion of might {unknown}
 e - 2 potions of curing
 f - a potion of haste
 g - a potion of cancellation {unknown}

Dungeon Overview and Level Annotations

Branches:
Dungeon (5/15)
 Temple: D:4-7

Altars:

Shops:
D:2 :[


Message History

You shoot an arrow. The arrow hits the orc wizard.
The orc wizard is lightly wounded.
You shoot an arrow. The arrow hits the orc wizard!
The orc wizard is severely wounded.
The orc barely misses you.
The orc wizard hits you but does no damage.
You shoot an arrow.
The arrow closely misses the orc wizard.
The orc wizard casts a spell at you.
You are confused.
The orc wizard hits you but does no damage.
The orc hits you but does no damage.
1767 ||| DRINKING 3 potions of curing.
You feel better.
1767 ||| (to cure confusion)
The orc priest closely misses you. The orc barely misses you.
You shoot an arrow. The arrow barely misses the orc wizard.
The orc priest hits you with a +0 hand axe.
The orc hits you with a +0 club. The orc wizard closely misses you.
The orc closely misses you.
You shoot an arrow.
The arrow hits the orc wizard but does no damage.
The orc wizard is severely wounded.
The orc priest hits you with a +0 hand axe.
The orc closely misses you.
The orc wizard hits you but does no damage.
The orc hits you with a +0 short sword.
You shoot an arrow.
The arrow closely misses the orc wizard.
The orc priest hits you but does no damage.
The orc hits you with a +0 club. The orc wizard barely misses you.
The orc hits you with a +0 short sword.
The orc wizard hits you but does no damage.
The orc priest hits you but does no damage.
The orc hits you with a +0 short sword. The orc misses you.
You shoot an arrow. The arrow hits the orc wizard.
The orc wizard is almost dead.
The orc priest calls down the wrath of Beogh upon you.
Pain shoots through your body! The orc hits you with a +0 club.
The orc wizard hits you with a +0 dagger.
You die...

## . ~~ .. #~#
.. .~# .. ..~#
..##. ###..~#
......#o...~##
.....oo@...~~#
......oo....~~#
....#.....>..~~
... #.........~
.. ...........
. ..##......##
..# #.....##
... ...####


You could see an orc priest, an orc wizard and 3 orcs.

Vanquished Creatures
  An adder (D:2)
  A dart slug (D:1)
  5 orcs (D:2)
  9 endoplasms
  3 giant cockroaches
  2 goblins
  2 hobgoblins
  A quokka (D:3)
  4 ball pythons
  A bat (D:2)
  4 frilled lizards
  4 kobolds
  A rat (D:1)
38 creatures vanquished.

Notes
Turn   | Place    | Note
-------+----------+-------------------------------------------
     0 | D:1      | qw the Gargoyle Hexslinger began the quest for the Orb.
     0 | D:1      | Reached XP level 1. HP: 12/12 MP: 2/2
     0 | D:1      | 0 ||| qw: Version: 0.3-a-46-gb1f654a
     0 | D:1      | 0 ||| qw: Game counter: 1786
     0 | D:1      | 0 ||| qw: Melee chars always use a shield: true
     0 | D:1      | 0 ||| qw: God list: Okawaru
     0 | D:1      | 0 ||| qw: Allow faded altars: false
     0 | D:1      | 0 ||| qw: Do Orc after clearing Dungeon:15 true
     0 | D:1      | 0 ||| qw: Do second Lair branch before Depths: true
     0 | D:1      | 0 ||| qw: Lair rune preference: random
     0 | D:1      | 0 ||| qw: Goals: Normal
     0 | D:1      | 0 ||| PLANNING D:1-11
   226 | D:1      | Reached XP level 2. HP: 16/16 MP: 3/3
   264 | D:1      | Reached skill level 3 in Ranged Weapons
   433 | D:1      | 433 ||| FLEEEEING.
   445 | D:1      | 445 ||| FLEEEEING.
   446 | D:1      | 446 ||| FLEEEEING.
   447 | D:1      | 447 ||| FLEEEEING.
   920 | D:1      | 920 ||| READING 2 scrolls labelled CUMOOFO QYOQU.
   924 | D:1      | 924 ||| READING scroll labelled NUSUPAENWY.
   937 | D:1      | 937 ||| DRINKING 4 fuming clear potions.
   938 | D:1      | 938 ||| DROPPING scroll of poison.
  1018 | D:2      | Reached XP level 3. HP: 21/21 MP: 4/4
  1074 | D:2      | Found Jecaxan's Armour Shop.
  1083 | D:2      | 1083 ||| BUYING +0 leather armour (24 gold).
  1083 | D:2      | Bought a +0 leather armour for 24 gold pieces
  1083 | D:2      | 1083 ||| SHOPLISTING +0 pair of boots (54 gold, have 12).
  1083 | D:2      | 1083 ||| SHOPLISTING +0 ring mail (48 gold, have 12).
  1083 | D:2      | 1083 ||| SHOPLISTING +3 leather armour of poison resistance
                  | (252 gold, have 12).
  1211 | D:2      | Found Jojiob's Vocational Training.
  1313 | D:2      | 1313 ||| SWAPPING to +0 shortbow.
  1314 | D:2      | 1314 ||| DROPPING +1 sling.
  1510 | D:2      | 1510 ||| UPGRADING to +0 leather armour.
  1520 | D:2      | 1520 ||| DROPPING +0 robe.
  1521 | D:2      | 1521 ||| UPGRADING to +0 ring mail.
  1531 | D:2      | 1531 ||| DROPPING +0 leather armour.
  1532 | D:2      | 1532 ||| READING 3 scrolls labelled XUPEHE EVASCH.
  1533 | D:2      | 1533 ||| READING scroll labelled IXZEGH QUSM.
  1534 | D:2      | 1534 ||| READING 2 scrolls of identify.
  1534 | D:2      | 1534 ||| IDENTIFYING yellow potion
  1684 | D:3      | Reached XP level 4. HP: 26/26 MP: 5/5
  1762 | D:3      | You fall into a shaft and drop 2 floors!
  1762 | D:5      | Entered Level 5 of the Dungeon
  1767 | D:5      | 1767 ||| DRINKING 3 potions of curing.
  1767 | D:5      | 1767 ||| (to cure confusion)
  1771 | D:5      | HP: 3/26 [orc priest/nerve-wracking pain (5)]
  1771 | D:5      | Slain by an orc wizard

Levels and vault maps discovered:
D:1:      dpeg_arrival_round_b, layout_basic, serial_forest,
          infiniplex_forest_straight_4, infiniplex_forest_straight_4,
          infiniplex_forest_clump_medium, infiniplex_forest_end_2,
          infiniplex_forest_split, infiniplex_forest_clump_curved,
          infiniplex_forest_straight_2
D:2:      layout_basic, serial_shops, shop, nicolae_shop_vocational
D:3:      layout_loops_corners, mainiacjoe_overflow_concentric_impassable,
          ebering_ghost_disaster_area, serial_rivers,
          chequers_serial_rivers_micro_d, chequers_serial_rivers_room_b,
          chequers_serial_rivers_small_3, chequers_serial_rivers_marsh
D:5:      layout_cave_pools, nicolae_gozag_seed_capital, water_maze_lemuel,
          uniq_duvessa, uniq_crazy_yiuf_cottage, uniq_blork_the_orc

Skill      XL: |  1  2 |
---------------+-------+-----
Ranged Weapons | 3 |  3.8
Fighting       | 2 |  2.0
Dodging        | |  1.5
Spellcasting   | |  1.0
Hexes          | |  2.6

Action                     |  1- 3 |  4- 6 || total
---------------------------+-------+-------++-------
   Fire: Sling             |   117 |       ||   117
         Shortbow          |    10 |     7 ||    17
    Use: Scroll            |     5 |       ||     5
         Potion            |     1 |     1 ||     2
 Armour: Robe              |    17 |       ||    17
         Ring mail         |       |     7 ||     7
  Dodge: Dodged            |    22 |     8 ||    30

Table legend:
 A = Non-vault XP
 B = Vault XP
 C = Vault XP percentage of total XP
 D = Non-vault monster count
 E = Vault monster count
 F = Vault count percentage of total count
                 A         B        C        D         E       F
            +---------+---------+-------+---------+---------+-------
      Total |      83 |       0 |   0.0 |      38 |       0 |   0.0
            +---------+---------+-------+---------+---------+-------
        D:1 |      30 |       0 |   0.0 |      17 |       0 |   0.0
        D:2 |      46 |       0 |   0.0 |      17 |       0 |   0.0
        D:3 |       7 |       0 |   0.0 |       4 |       0 |   0.0
            +---------+---------+-------+---------+---------+-------
